 Dungeon Crawl Stone Soup version 0.28.0-43-g3370ac3207 (webtiles) character file.

Game seed: 2456544048902067451

0 Descartes the Sneak (level 1, -1/10 HPs)
             Began as a Felid Wanderer on Mar 22, 2022.
             Slain by a quokka (3 damage)
             ... on level 1 of the Dungeon.
             The game lasted 00:00:23 (86 turns).

Descartes the Sneak (Felid Wanderer)                  Turns: 86, Time: 00:00:23

Health: -1/10      AC:  1    Str:  7    XL:     1   Next: 8%
Magic:  2/2        EV: 15    Int: 11    God:
Gold:   0          SH:  0    Dex: 18    Spells: 0/0 levels left
                                        Lives:  0   Deaths: 0

rFire   . . .      SeeInvis +   (weapon unavailable)
rCold   . . .      Faith    .   (shield unavailable)
rNeg    . . .      Spirit   .   (armour unavailable)
rPois   .          Reflect  .   (helmet unavailable)
rElec   .          Harm     .   (cloak unavailable)
rCorr   .          Rampage  .   (gloves unavailable)
Will    .....                   (boots unavailable)
Stlth   ++++......              (no amulet)
HPRegen 0.03/turn               (no ring)
MPRegen 0.08/turn               (no ring)

@: quick
A: very small, claws 1, fangs 3, see invisible, speed 1, shaggy fur 1, stealthy
paws, no weapons or thrown items, no armour, multi-lived
a: no special abilities


You were on level 1 of the Dungeon.
You visited 1 branch of the dungeon, and saw 1 of its levels.

Inventory:

Potions
 a - a potion of brilliance
 b - a potion of attraction
Miscellaneous
 c - a piece from Xom's chessboard (15/15) (quivered)


   Skills:
 - Level 3.0 Fighting
 + Level 0.1 Dodging
 + Level 6.6 Stealth
 + Level 0.0 Unarmed Combat
 + Level 0.0 Translocations
 + Level 0.0 Transmutations
 + Level 2.2 Evocations


You couldn't memorise any spells.
You didn't know any spells.
Your spell library was empty.

Dungeon Overview and Level Annotations

Branches:
Dungeon (1/15)

Altars:


Innate Abilities, Weirdness & Mutations

You have sharp claws.
You have razor-sharp teeth.
You have supernaturally acute eyesight. (SInv)
You cover ground quickly. (Speed+)
You are covered in fur. (AC +1)
Your paws help you pounce on unaware monsters.
You are incapable of wielding weapons or throwing items.
You cannot wear armour.
You gain extra lives every three experience levels.


Message History

Will you be the one to retrieve the breathtaking Orb of Zot from the depths?
Press ? for a list of commands and other information.
Found a staircase leading out of the dungeon.
You begin with the following items: a potion of brilliance, a potion of attraction, a piece from Xom's chessboard (15/15).
A bat comes into view.
Found 24 bolts.
A quokka comes into view.
The helpless bat fails to defend itself.
You claw the bat!
You kill the bat!
The quokka bites you.
Ouch! That really hurt!
You are too injured to fight recklessly!
You are too injured to fight recklessly!
You are too injured to fight recklessly!
You are too injured to fight recklessly!
You are too injured to fight recklessly!
You are too injured to fight recklessly!
You are too injured to fight recklessly!
You are too injured to fight recklessly!
You miss the quokka. The quokka closely misses you.
You scratch the quokka but do no damage.
You bite the quokka, but do no damage. The quokka bites you.
* * * LOW HITPOINT WARNING * * *
You see here a bat corpse.
Found a ring mail.
A bat comes into view.
You see here a red potion.
The quokka completely misses you.
You barely miss the quokka. The quokka misses you.
You closely miss the quokka. You bite the quokka.
The quokka is heavily wounded.
The quokka closely misses you.
You barely miss the quokka.
The quokka is heavily wounded.
The quokka misses you.
You scratch the quokka but do no damage.
The quokka is heavily wounded.
The quokka bites you.
You die...

#.#####...
#.# #..#
#.# #.##
#.# #..#
#.# ##..
#########.#
##.
#.........#
#..
#.#########
#.. #@# #..
#r# #.. #.#
.... #.#
#... #.#
#...
########.#
#...
.......#.#
#...
####....##
#...(..!.#


You could see a quokka.

Vanquished Creatures
  A bat (D:1)
1 creature vanquished.

Notes
Turn   | Place    | Note
-------+----------+-------------------------------------------
     0 | D:1      | Descartes the Felid Wanderer began the quest for the Orb.
     0 | D:1      | Descartes set off with the following items: a potion of
                  | brilliance, a potion of attraction, a piece from Xom's
                  | chessboard (15/15)
     0 | D:1      | Reached XP level 1. HP: 10/10 MP: 2/2
    86 | D:1      | Slain by a quokka

Illustrated notes

Levels and vault maps discovered:
D:1:      wander_arrival_lonely_grave, layout_loops_ring,
          dreamdust_ecumenical_altar_hidden_monk_grotto

Action                   || total
-------------------------++-------
Melee: Unarmed           ||     7
       Bite              ||     2
 Stab: Sleeping          ||     1
Dodge: Dodged            ||     5
